[Event "Late-Titled-Tuesday-Blitz-April-02-2024"]
[Site "Chess.com"]
[Date "2024.04.02"]
[Round "7"]
[White "bascheyaro"]
[Black "Mikhail_Golubev"]
[Result "1/2-1/2"]
[WhiteElo "2819"]
[BlackElo "2631"]
[TimeControl "180+1"]
[EndTime "15:12:07 PDT"]
[Termination "Game drawn by agreement"]

1. d4 Nf6 2. Nf3 d6 3. Bf4 Nbd7 4. e3 Nh5 5. Bg3 Nxg3 6. hxg3 g6 7. c4 Bg7 8. Nc3 c5 9. Be2 O-O 10. O-O Nf6 11.
dxc5 dxc5 12. Qxd8 Rxd8 13. Rad1 Bf5 14. b3 Ne4 15.
Nxe4 Bxe4 16. Rxd8+ Rxd8 17. Rd1 Rxd1+ 18. Bxd1 Bxf3 19.
Bxf3 b6 20. Bc6 Kf8 21. Kf1 e6 22. Ke2 Ke7 23. f4 Kd6 24. Bb5 h5 25. Kf3 Ke7 26. e4 Bd4 27. e5 Kf8 28. g4 hxg4+ 29. Kxg4 Ke7 30. Kf3 Kf8 31. g4 Ke7 32. Ke4 Kf8 33.
f5 gxf5+ 34. gxf5 exf5+ 35. Kxf5 Ke7 1/2-1/2

[Event "Late-Titled-Tuesday-Blitz-April-02-2024"]
[Site "Chess.com"]
[Date "2024.04.02"]
[Round "7"]
[White "djano"]
[Black "tgpgoat"]
[Result "1-0"]
[WhiteElo "2643"]
[BlackElo "2432"]
[TimeControl "180+1"]
[EndTime "15:12:15 PDT"]
[Termination "djano won by resignation"]

1. e4 c5 2. Nc3 e6 3. f4 Nc6 4. Nf3 Qc7 5. Bc4 a6 6. d3 d6 7. O-O Nf6 8. Qe1 Be7 9. e5 dxe5 10. fxe5 Nd7 11. Bf4 b5 12. Bb3 Bb7 13. Qg3 g6 14. Ne4 O-O-O 15. a4 b4 16. c3 Nb6 17. Nd6+ Bxd6 18.
exd6 Qd7 19. Ne5 Nxe5 20. Bxe5 Rhg8 21. cxb4 cxb4 22. Rac1+ Bc6 23. a5 f6 1-0

[Event "Late-Titled-Tuesday-Blitz-April-02-2024"]
[Site "Chess.com"]
[Date "2024.04.02"]
[Round "7"]
[White "BogdanDeac"]
[Black "Bryanl106"]
[Result "1-0"]
[WhiteElo "3089"]
[BlackElo "2678"]
[TimeControl "180+1"]
[EndTime "15:13:02 PDT"]
[Termination "BogdanDeac won by resignation"]

1. d4 Nf6 2. c4 c5 3. d5 g6 4. Nc3 Bg7 5. e4 d6 6. h3 O-O 7. Be3 e6 8. Nf3 exd5 9. cxd5 b5 10.
Bxb5 Nxe4 11. Nxe4 Qa5+ 12. Qd2 Qxb5 13. Nxd6 Qa6 14.
Nxc8 Rxc8 15. Qe2 Qxe2+ 16. Kxe2 Bxb2 17. Rab1 Bf6 18. Rb7 Na6 19. a3 Rcb8 20. Rhb1 Rc8 21. Nd2 c4 22. Ne4 Be5 23. Re7 Bc7 24. Rb7 c3 25. d6 Bb6 26. Nf6+ 1-0

[Event "Late-Titled-Tuesday-Blitz-April-02-2024"]
[Site "Chess.com"]
[Date "2024.04.02"]
[Round "7"]
[White "Good_Knight_Kiss"]
[Black "Cuchulin"]
[Result "1-0"]
[WhiteElo "2504"]
[BlackElo "2153"]
[TimeControl "180+1"]
[EndTime "15:13:13 PDT"]
[Termination "Good_Knight_Kiss won by resignation"]

1. e4 c5 2. Nf3 Nc6 3. d4 cxd4 4. Nxd4 g6 5. Be3 Bg7 6. c4 Qb6 7. Nb5 Qa5+ 8. N1c3 a6 9. Nd4 Nf6 10. Nb3 Qc7 11. Nd5 Nxd5 12. cxd5 Ne5 13. Rc1 Qd8 14. f4 O-O 15. fxe5 Bxe5 16. Bd4 Bf4 17. Rc3 d6 18. Be2 Bd7 19. O-O a5 20. Rxf4 1-0

[Event "Late-Titled-Tuesday-Blitz-April-02-2024"]
[Site "Chess.com"]
[Date "2024.04.02"]
[Round "7"]
[White "KorolDimitriy75"]
[Black "AjedrezenMadrid"]
[Result "0-1"]
[WhiteElo "2350"]
[BlackElo "2557"]
[TimeControl "180+1"]
[EndTime "15:13:16 PDT"]
[Termination "AjedrezenMadrid won by resignation"]

1. d4 Nf6 2. c4 b6 3. Nc3 Bb7 4. Qc2 d5 5. cxd5 Nxd5 6. e4 Nxc3 7. bxc3 e5 8. d5 c6 9. c4 Bb4+ 10. Bd2 Bxd2+ 11. Qxd2 O-O 12. Nf3 Nd7 13. Bd3 Qf6 14. O-O h6 15. Rfe1 Nc5 16. Rac1 Rfe8 17. Bb1 Rad8 18.
Qe3 Kh7 19. h3 g6 20. Qa3 Ra8 21. Qc3 Kg7 22. Qb2 Rad8 23. Qa3 Rd7 24. Qxa7 cxd5 25. Qxb6 Qxb6 0-1

[Event "Late-Titled-Tuesday-Blitz-April-02-2024"]
[Site "Chess.com"]
[Date "2024.04.02"]
[Round "7"]
[White "carloseduar100"]
[Black "AmanteDeMoi"]
[Result "0-1"]
[WhiteElo "2233"]
[BlackElo "2610"]
[TimeControl "180+1"]
[EndTime "15:13:24 PDT"]
[Termination "AmanteDeMoi won by resignation"]

1. e4 g6 2. Nf3 Bg7 3. d4 d6 4. c3 e5 5. dxe5 dxe5 6. Qxd8+ Kxd8 7. Bc4 f6 8. O-O c6 9. h3 Bh6 10. Bxg8 Bxc1 11. Rxc1 Rxg8 12. Na3 Be6 13. b3 a5 14. Nc2 a4 15. c4 axb3 16. axb3 Rxa1 17. Rxa1 Kc7 18. Ne3 Na6 19. Kf1 Rd8 20. Ke2 Nc5 21. b4 Nxe4 22. Rc1 Ra8 23. Rc2 Ra2 24. Rxa2 Nc3+ 25. Kd3 Nxa2 26. b5 cxb5 27. cxb5 Kb6 28.
Nc4+ Kc5 29. Na5 Bd5 30. Ne1 Kxb5 0-1

[Event "Late-Titled-Tuesday-Blitz-April-02-2024"]
[Site "Chess.com"]
[Date "2024.04.02"]
[Round "7"]
[White "kingofthenil"]
[Black "dosto07"]
[Result "1-0"]
[WhiteElo "2790"]
[BlackElo "2469"]
[TimeControl "180+1"]
[EndTime "15:13:25 PDT"]
[Termination "kingofthenil won by resignation"]

1. Nf3 d5 2. g3 Nf6 3. Bg2 Bf5 4.
c4 c6 5. Qb3 Qb6 6. cxd5 cxd5 7.
Nc3 e6 8. Qxb6 axb6 9. Nd4 Bg6 10.
Ndb5 Na6 11. d3 Kd7 12. Bf4 Be7 13. O-O Rhc8 14. e4 Nb4 15. Rfd1 Bc5 16. a3 Nc2 17. Rac1 Nd4 18. exd5 Nxb5 19. dxe6+ fxe6 20. Nxb5 Nd5 21. Be5 Bf8 22. Rc4 Rc5 23. a4 Rac8 24. b3 Ke8 25.
Bd4 R5c6 26. Na7 Rxc4 27. dxc4 Nb4 28. Nxc8 1-0

[Event "Late-Titled-Tuesday-Blitz-April-02-2024"]
[Site "Chess.com"]
[Date "2024.04.02"]
[Round "7"]
[White "Laico"]
[Black "ricaurtelopezj1955"]
[Result "1-0"]
[WhiteElo "2399"]
[BlackElo "2174"]
[TimeControl "180+1"]
[EndTime "15:13:30 PDT"]
[Termination "Laico won by resignation"]

1. e4 e5 2. Nc3 Nf6 3. f4 d5 4. fxe5 Nxe4 5. Qf3 Nc6 6. Bb5 Nxc3 7. dxc3 Bc5 8. Qg3 Bf5 9. Nf3 Bg6 10. Bg5 Qd7 11. O-O-O O-O 12. Bc4 Ne7 13. Bxe7 Qxe7 14. Bxd5 c6 15. Bc4 b5 16. Bd3 b4 17. Bxg6 hxg6 18. cxb4 Bxb4 19. Ng5 f6 20. Qb3+ 1-0

[Event "Late-Titled-Tuesday-Blitz-April-02-2024"]
[Site "Chess.com"]
[Date "2024.04.02"]
[Round "7"]
[White "Happy1712Drummer"]
[Black "KnightDuta"]
[Result "1-0"]
[WhiteElo "2471"]
[BlackElo "2735"]
[TimeControl "180+1"]
[EndTime "15:13:32 PDT"]
[Termination "Happy1712Drummer won by resignation"]

1. b3 d5 2. Bb2 Bf5 3. f4 Nf6 4. e3 e6 5. Nf3 Nbd7 6. Be2 Bd6 7. Ne5 c6 8. O-O Qc7 9. d4 Ne4 10. g4 Bg6 11. f5 Nxe5 12. dxe5 Bxe5 13. Bxe5 Qxe5 14.
Qd4 Qxd4 15. exd4 exf5 16. gxf5 Bxf5 17. Rxf5 O-O 18. Bd3 Rae8 19. Kg2 g6 20. Rf1 f5 21. c3 g5 22. Bxe4 dxe4 23. Nd2 f4 24. Nc4 e3 25. Rae1 Kg7 26. Ne5 Rd8 27. b4 Rf5 28. Rxe3 Rf6 1-0

[Event "Late-Titled-Tuesday-Blitz-April-02-2024"]
[Site "Chess.com"]
[Date "2024.04.02"]
[Round "7"]
[White "ritanovikova"]
[Black "BabageldiAnnaberdiyev"]
[Result "0-1"]
[WhiteElo "2185"]
[BlackElo "2585"]
[TimeControl "180+1"]
[EndTime "15:13:32 PDT"]
[Termination "BabageldiAnnaberdiyev won by checkmate"]

1. e4 e6 2. d4 d5 3. exd5 exd5 4.
Bd3 Bd6 5. Nf3 Nc6 6. h3 Nge7 7. O-O Bf5 8. b3 Qd7 9. Bxf5 Qxf5 10. Ba3 Bxa3 11. Nxa3 O-O 12. Nb5 Rac8 13. c4 a6 14. Nc3 Rcd8 15. c5 Ng6 16. Qb1 Qh5 17. Qc1 Rfe8 18.
Rd1 h6 19. a3 Qf5 20. Qb1 Qf6 21. b4 Nf4 22. Qb3 Nxh3+ 23. Kf1 Nf4 24. a4 Qg6 25. g3 Qg4 26. gxf4 Qxf3 27. Nxd5 Qh1# 0-1

[Event "Late-Titled-Tuesday-Blitz-April-02-2024"]
[Site "Chess.com"]
[Date "2024.04.02"]
[Round "7"]
[White "Jospem"]
[Black "ViIIagra"]
[Result "1-0"]
[WhiteElo "3048"]
[BlackElo "2899"]
[TimeControl "180+1"]
[EndTime "15:13:35 PDT"]
[Termination "Jospem won by resignation"]

1. e4 d6 2. d4 Nf6 3. Bd3 e5 4.
Nf3 Nbd7 5. c3 Be7 6. Nbd2 O-O 7. O-O Re8 8. Re1 c6 9. Nf1 Qc7 10. Ng3 Nf8 11. h3 Ng6 12. Be3 Bf8 13. Qc2 h6 14. Rad1 Be6 15. c4 Rad8 16. d5 Bc8 17. Qb3 c5 18. a3 Nf4 19. Bf1 g5 20. Qc2 Kh8 21. Nh2 Be7 22. Nf5 Kh7 23. g3 N4h5 24. Ng4 Bxf5 25.
exf5 Nxg4 26. hxg4 Nf6 27. Be2 e4 28. Kg2 Bf8 29. Rh1 Kg8 30. Rh3 Bg7 31. Rdh1 Nd7 32. Rxh6 Bxh6 33. Rxh6 f6 34. Qc1 Ne5 35. Rxf6 Qg7 36.
Bxg5 1-0

[Event "Late-Titled-Tuesday-Blitz-April-02-2024"]
[Site "Chess.com"]
[Date "2024.04.02"]
[Round "7"]
[White "santosalberto1987"]
[Black "Romkachess"]
[Result "0-1"]
[WhiteElo "2522"]
[BlackElo "2683"]
[TimeControl "180+1"]
[EndTime "15:13:42 PDT"]
[Termination "Romkachess won by resignation"]

1. e4 c5 2. Nf3 d6 3. Bb5+ Bd7 4. c4 Nf6 5. Nc3 e6 6. Bxd7+ Qxd7 7. d4 cxd4 8. Nxd4 Be7 9. Be3 O-O 10. b3 Nc6 11. Rc1 a6 12. O-O Nxd4 13. Bxd4 Qc6 14. f3 Rfd8 15. Qd2 Rac8 16. a4 Nd7 17. Rfd1 Nc5 18.
Qb2 Bf8 19. b4 Nxa4 20. Nxa4 Qxa4 21. b5 Rxc4 22. Rxc4 Qxc4 0-1

[Event "Late-Titled-Tuesday-Blitz-April-02-2024"]
[Site "Chess.com"]
[Date "2024.04.02"]
[Round "7"]
[White "teresin05"]
[Black "Walter_White_Poland"]
[Result "0-1"]
[WhiteElo "2272"]
[BlackElo "2436"]
[TimeControl "180+1"]
[EndTime "15:13:50 PDT"]
[Termination "Walter_White_Poland won by checkmate"]

1. e4 g6 2. d4 Bg7 3. Nc3 d6 4. f4 Nd7 5. Nf3 e5 6. fxe5 dxe5 7. d5 Ngf6 8. Be3 O-O 9. Qd2 a6 10. O-O-O b5 11. Kb1 b4 12. Na4 Nxe4 13. Qxb4 Nd6 14. h4 Rb8 15. Qd2 Nf5 16. Ba7 Rb7 17. Bf2 e4 18.
Nd4 e3 19. Bxe3 Nxe3 20. Qxe3 Nb6 21. Nc6 Qd6 22. Nxb6 Rxb6 23. c3 Rxc6 24. h5 Rc5 25.
h6 Bh8 26. c4 Bf5+ 27. Bd3 Rb8 28. b3 Qf6 29. Rd2 Rxc4 30. Bxf5 Qa1# 0-1

[Event "Late-Titled-Tuesday-Blitz-April-02-2024"]
[Site "Chess.com"]
[Date "2024.04.02"]
[Round "7"]
[White "alexrustemov"]
[Black "slidingknight2775"]
[Result "1-0"]
[WhiteElo "2854"]
[BlackElo "2596"]
[TimeControl "180+1"]
[EndTime "15:13:51 PDT"]
[Termination "alexrustemov won by resignation"]

1. d4 Nf6 2. c4 g6 3. Nf3 Bg7 4. g3 O-O 5. Bg2 d6 6. Nc3 Nc6 7. O-O a6 8. h3 Rb8 9. e4 e5 10. d5 Ne7 11. Ne1 Nd7 12. Nd3 f5 13. f4 exf4 14. Bxf4 Ne5 15. Nxe5 dxe5 16. Be3 b5 17. b3 b4 18. Na4 fxe4 19. g4 Rxf1+ 20. Qxf1 h5 21.
Qe2 hxg4 22. hxg4 Bd7 23. Nc5 Qc8 24. Nxd7 Qxd7 25. Bxe4 Rf8 26. Rd1 Nc8 27. c5 Bf6 28. Bxg6 Qg7 29. Bf5 Bg5 30. Be6+ Kh7 31. Qh2+ Qh6 32.
Bxg5 1-0

[Event "Late-Titled-Tuesday-Blitz-April-02-2024"]
[Site "Chess.com"]
[Date "2024.04.02"]
[Round "7"]
[White "ellennilssen"]
[Black "andrzej"]
[Result "1-0"]
[WhiteElo "2354"]
[BlackElo "2467"]
[TimeControl "180+1"]
[EndTime "15:14:00 PDT"]
[Termination "ellennilssen won by resignation"]

1. Nf3 d5 2. b3 c5 3. e3 Nf6 4.
Bb2 g6 5. c4 dxc4 6. bxc4 Bg7 7. Be2 O-O 8. O-O b6 9. d4 cxd4 10. exd4 Bb7 11. Nc3 Nc6 12. d5 Na5 13. Rc1 Rc8 14.
Nb5 a6 15. Nbd4 Qd6 16. Qa4 Rfd8 17. Rfd1 Nd7 18. Ba3 Nc5 19. Qc2 Qf4 20. Bb4 h5 21.
Qc3 e5 22. dxe6 Nxe6 23. Bxa5 Nxd4 24. Nxd4 Bxd4 25. Rxd4 Rxd4 26. Bxb6 Rd2 27. Be3 Qxe3 28. Qxe3 Rxa2 29. c5 Bc6 30. Bf3 Re8 31. Bxc6 Rxe3 32. fxe3 a5 33. Bd5 1-0

[Event "Late-Titled-Tuesday-Blitz-April-02-2024"]
[Site "Chess.com"]
[Date "2024.04.02"]
[Round "7"]
[White "rcmz"]
[Black "cthake"]
[Result "1-0"]
[WhiteElo "2202"]
[BlackElo "1820"]
[TimeControl "180+1"]
[EndTime "15:14:02 PDT"]
[Termination "rcmz won by resignation"]

1. b4 e5 2. Bb2 Bxb4 3. Bxe5 Nf6 4. c4 d6 5. Bb2 Bd7 6. Nf3 O-O 7. e3 a5 8. a3 Bc5 9. Be2 Nc6 10. O-O a4 11. d4 Bb6 12. Nbd2 Re8 13. Qc2 Bg4 14. Rfe1 d5 15.
cxd5 Nxd5 16. Bb5 Bd7 17. Bxc6 Bxc6 18. Ne5 Qf6 19. Nxc6 Qxc6 20. Qxc6 bxc6 21. Rec1 Re6 22. Nc4 Rae8 23. g3 f6 24. Rc2 h5 25. h4 Kh7 26. Rac1 g5 27. hxg5 fxg5 28. Nxb6 cxb6 29. Rxc6 Rxc6 30. Rxc6 Kg7 31. Rd6 Nf6 32. d5 Rb8 1-0

[Event "Late-Titled-Tuesday-Blitz-April-02-2024"]
[Site "Chess.com"]
[Date "2024.04.02"]
[Round "7"]
[White "sillypiggy2024"]
[Black "campochess"]
[Result "0-1"]
[WhiteElo "1731"]
[BlackElo "2180"]
[TimeControl "180+1"]
[EndTime "15:14:03 PDT"]
[Termination "campochess won on time"]

1. d4 Nf6 2. c4 g6 3. g3 d5 4.
cxd5 Nxd5 5. e4 Nb6 6. Bg2 Bg7 7. Nf3 Bg4 8. Be3 Nc6 9. e5 Nc4 10. O-O Nxe3 11. fxe3 O-O 12. Nc3 Bh6 13. Qd2 Bxf3 14.
Bxf3 Nxe5 15. Bxb7 Nc4 16. Qd3 Nxe3 17. Bxa8 Qxa8 18.
Rf2 Ng4 19. Re2 Qd8 20. h3 Nf6 21. Rf1 c5 22. Rd1 cxd4 23. Qxd4 Qc7 24. Qe5 Qb6+ 25.
Kf1 Nh5 26. g4 Bf4 0-1

[Event "Late-Titled-Tuesday-Blitz-April-02-2024"]
[Site "Chess.com"]
[Date "2024.04.02"]
[Round "7"]
[White "Narek_Ghimoyan"]
[Black "AlexeiShirov"]
[Result "0-1"]
[WhiteElo "2470"]
[BlackElo "2794"]
[TimeControl "180+1"]
[EndTime "15:14:07 PDT"]
[Termination "AlexeiShirov won by checkmate"]

1. d4 d5 2. c4 c6 3. Nf3 Nf6 4. Nc3 e6 5. e3 Nbd7 6. Bd3 dxc4 7. Bxc4 b5 8. Bd3 Bb7 9. e4 b4 10. Na4 c5 11. e5 Nd5 12. O-O cxd4 13. Nxd4 Be7 14.
Re1 O-O 15. Qg4 Re8 16. Bh6 Bf8 17. Rad1 Qa5 18. b3 Rad8 19. Bg5 Be7 20. Bxe7 Rxe7 21. Nf3 Nf8 22. Bc4 Red7 23. Ng5 Nc3 24. Rxd7 Rxd7 25. Nxc3 bxc3 26. Ne4 c2 27. Nf6+ Kh8 28. Rc1 Qd2 29.
Nxd7 Qxc1+ 30. Bf1 Qxf1+ 31. Kxf1 c1=Q+ 32. Qd1 Qxd1# 0-1

[Event "Late-Titled-Tuesday-Blitz-April-02-2024"]
[Site "Chess.com"]
[Date "2024.04.02"]
[Round "7"]
[White "gorgeous1083"]
[Black "ural58"]
[Result "0-1"]
[WhiteElo "2257"]
[BlackElo "2480"]
[TimeControl "180+1"]
[EndTime "15:14:09 PDT"]
[Termination "ural58 won by resignation"]

1. d4 d5 2. c4 e5 3. dxe5 d4 4. Nf3 Nc6 5. Bf4 Nge7 6. e3 Ng6 7. Bg3 Bb4+ 8. Nbd2 dxe3 9. fxe3 Bg4 10. Be2 Qe7 11. O-O O-O-O 12. Qc2 Bxd2 13. Nxd2 Bxe2 14. Rf2 Bd3 15.
Qa4 Kb8 16. b4 Ncxe5 17. c5 f6 18. Rc1 Qd7 19. Qb3 Qd5 20. Qa4 Qc6 21. Qb3 Bb5 22. Nb1 Nd3 23. Rfc2 Nxc1 24. Rxc1 Ne5 25. Nc3 Bc4 26.
Qb1 Rd3 27. Bf2 Rhd8 28. a4 Ng4 29. b5 Qxc5 30. Ne4 Qd5 31. Nc3 Qe5 32. Bg3 Qxe3+ 33.
Kh1 Rxc3 34. Rxc3 Qxc3 0-1

[Event "Late-Titled-Tuesday-Blitz-April-02-2024"]
[Site "Chess.com"]
[Date "2024.04.02"]
[Round "7"]
[White "Fengwi"]
[Black "Mysterio47"]
[Result "1-0"]
[WhiteElo "2480"]
[BlackElo "2733"]
[TimeControl "180+1"]
[EndTime "15:14:10 PDT"]
[Termination "Fengwi won by resignation"]

1. Nf3 g6 2. e4 Bg7 3. d4 a6 4. Bd3 d6 5. O-O b6 6. c4 Bb7 7. Nc3 Nd7 8. Be3 Ngf6 9. Qc2 O-O 10. b4 Ng4 11. Bd2 c5 12. bxc5 bxc5 13. d5 e5 14.
Rab1 Bc8 15. h3 Ngf6 16. Qa4 Ne8 17. Nd1 h6 18. Ba5 Nc7 19. Qc6 Ra7 20. Qxd6 Ne8 21. Qxf8+ Bxf8 22. Bxd8 Bd6 23. Ba5 Kg7 24. Bc3 Nef6 25. Ne3 Nh5 26. g3 f6 27. Kg2 Nf8 28. Rb6 Bc7 29. Rc6 Bd7 30. Rxc5 Bb6 31. Bb4 Bxc5 32. Bxc5 Rc7 33. Bd6 Rc8 34. c5 Kg8 35. c6 Be8 36. Bxa6 1-0

[Event "Late-Titled-Tuesday-Blitz-April-02-2024"]
[Site "Chess.com"]
[Date "2024.04.02"]
[Round "7"]
[White "Balla_Tamas"]
[Black "Franmu14"]
[Result "0-1"]
[WhiteElo "2509"]
[BlackElo "2677"]
[TimeControl "180+1"]
[EndTime "15:14:13 PDT"]
[Termination "Franmu14 won by resignation"]

1. Nf3 d5 2. b3 Nf6 3. Bb2 e6 4.
e3 Be7 5. c4 O-O 6. Nc3 c5 7.
cxd5 exd5 8. d4 b6 9. Be2 Bb7 10.
O-O Re8 11. Rc1 Nbd7 12. dxc5 bxc5 13. Na4 Rc8 14. Qd2 Bf8 15. Rfd1 a6 16. h3 Qe7 17.
Nh4 Ne4 18. Nf5 Qg5 19. Qa5 Qxf5 20. Bf3 h5 21. Nc3 Ne5 22. Bxe4 dxe4 23. Ne2 Nd3 24. Rc2 Qxf2+ 25. Kh2 Qxe3 26. Qb6 Bc6 27. Rf1 Bd6+ 28.
Kh1 Nf2+ 29. Rxf2 Qxf2 0-1

[Event "Late-Titled-Tuesday-Blitz-April-02-2024"]
[Site "Chess.com"]
[Date "2024.04.02"]
[Round "7"]
[White "Charodej1"]
[Black "giovannibrandao7"]
[Result "0-1"]
[WhiteElo "2368"]
[BlackElo "2184"]
[TimeControl "180+1"]
[EndTime "15:14:14 PDT"]
[Termination "giovannibrandao7 won by resignation"]

1. d4 Nf6 2. Nf3 g6 3. Bf4 Bg7 4. Nbd2 d5 5. h3 O-O 6. c3 c5 7. e3 Nc6 8. Be2 Re8 9. Ne5 cxd4 10. exd4 Nd7 11. Nxd7 Bxd7 12. O-O e5 13. dxe5 Nxe5 14. Nf3 Bc6 15. Nd4 Nc4 16. Bxc4 dxc4 17. Nxc6 bxc6 18.
Qa4 Qb6 19. Qxc4 Qxb2 20. Rfc1 Qb5 21. Qb3 Re4 22. Be3 Rc4 23. Rab1 Qxb3 24. Rxb3 a5 25. Ra3 a4 26. Rb1 Bf8 27. Rb4 Bxb4 28. cxb4 Rxb4 29. Rc3 Rb2 0-1

[Event "Late-Titled-Tuesday-Blitz-April-02-2024"]
[Site "Chess.com"]
[Date "2024.04.02"]
[Round "7"]
[White "Viktoker"]
[Black "laskakid"]
[Result "1-0"]
[WhiteElo "2521"]
[BlackElo "2305"]
[TimeControl "180+1"]
[EndTime "15:14:25 PDT"]
[Termination "Viktoker won by resignation"]

1. e4 d6 2. d4 Nf6 3. Nc3 e5 4.
Nf3 Nbd7 5. g4 Nxg4 6. Bc4 Nb6 7.
Bb3 exd4 8. Ng5 dxc3 9. Bxf7+ Ke7 10. Bb3 Ne5 11. f4 Bg4 12. Qd4 Nf3+ 13. Nxf3 Bxf3 14. O-O c5 15. Qxc3 c4 16. f5 cxb3 17. Bg5+ Kd7 18. Bxd8 Rxd8 19. Qxf3 Be7 20. axb3 Bf6 21. Rxa7 Kc7 22.
e5 1-0

[Event "Late-Titled-Tuesday-Blitz-April-02-2024"]
[Site "Chess.com"]
[Date "2024.04.02"]
[Round "7"]
[White "javierfreilemartin"]
[Black "kikoveiga"]
[Result "1-0"]
[WhiteElo "2311"]
[BlackElo "2469"]
[TimeControl "180+1"]
[EndTime "15:14:29 PDT"]
[Termination "javierfreilemartin won by resignation"]

1. c4 e5 2. Nc3 Nf6 3. Nf3 Nc6 4. a3 a5 5. e3 d5 6. cxd5 Nxd5 7. d3 Be6 8. Bd2 Be7 9. Be2 O-O 10. O-O Qd7 11. Qb1 Kh8 12. Rc1 f5 13. Be1 Rae8 14. b4 axb4 15. Nxd5 Bxd5 16. axb4 e4 17. dxe4 Bxe4 18. Qb2 Bf6 19. Bc3 Bxc3 20. Qxc3 Re7 21. b5 Nd8 22. Ra8 Rfe8 23. Nd4 c6 24. Bh5 Rg8 25. h3 cxb5 26. Qc5 Qc7 27. Qxc7 1-0

[Event "Late-Titled-Tuesday-Blitz-April-02-2024"]
[Site "Chess.com"]
[Date "2024.04.02"]
[Round "7"]
[White "AllStarShark"]
[Black "Darkdefense15"]
[Result "1/2-1/2"]
[WhiteElo "2524"]
[BlackElo "2389"]
[TimeControl "180+1"]
[EndTime "15:14:34 PDT"]
[Termination "Game drawn by agreement"]

1. c4 Nf6 2. g3 e6 3. Bg2 d5 4. Nf3 Be7 5. O-O O-O 6. b3 c5 7.
cxd5 Nxd5 8. Bb2 Nc6 9. Nc3 Bf6 10. Qc1 b6 11. Rd1 Ba6 12. d3 Rc8 13. Rb1 Qe7 14. Qd2 Nxc3 15. Bxc3 Bxc3 16. Qxc3 Bb7 17. Rbc1 Rfd8 18.
Qb2 h6 19. Rd2 Nd4 20. Nxd4 Rxd4 21. Bxb7 Qxb7 22. Rc4 Rcd8 23. Rdc2 h5 24. Rxd4 Rxd4 25. Rc4 Rxc4 26. bxc4 Qa6 27. Kg2 g6 28. h4 Qa4 29. Qb3 Qc6+ 30. f3 Qd7 1/2-1/2

[Event "Late-Titled-Tuesday-Blitz-April-02-2024"]
[Site "Chess.com"]
[Date "2024.04.02"]
[Round "7"]
[White "PawnEatingZombie"]
[Black "fmcabralis"]
[Result "1-0"]
[WhiteElo "2195"]
[BlackElo "2386"]
[TimeControl "180+1"]
[EndTime "15:14:39 PDT"]
[Termination "PawnEatingZombie won by resignation"]

1. e4 c5 2. c3 Nf6 3. e5 Nd5 4.
Nf3 e6 5. d4 cxd4 6. cxd4 d6 7.
Bc4 Nc6 8. O-O Be7 9. Qe2 O-O 10. Rd1 Bd7 11. Nc3 Nxc3 12. bxc3 dxe5 13. dxe5 Qc7 14. Qe4 Rfd8 15. Bd3 g6 16. h4 Be8 17. h5 Rd5 18. Bf4 Rad8 19. c4 R5d7 20. hxg6 hxg6 21. g3 Nb4 22. Be2 Rxd1+ 23. Rxd1 Rxd1+ 24. Bxd1 Nxa2 25. Bg5 Nc3 26. Qh4 Bf8 27. Bf6 Bg7 28. Ng5 Kf8 29.
Qh7 1-0

[Event "Late-Titled-Tuesday-Blitz-April-02-2024"]
[Site "Chess.com"]
[Date "2024.04.02"]
[Round "7"]
[White "Koksal06"]
[Black "Sanan_Sjugirov"]
[Result "0-1"]
[WhiteElo "2648"]
[BlackElo "2959"]
[TimeControl "180+1"]
[EndTime "15:14:41 PDT"]
[Termination "Sanan_Sjugirov won by resignation"]

1. c4 e6 2. d4 d5 3. Nc3 Nf6 4. Nf3 c6 5. e3 Nbd7 6. Bd3 dxc4 7. Bxc4 b5 8. Be2 Bb7 9. O-O Be7 10. b3 a6 11. Bb2 O-O 12. Ne5 c5 13. Nxd7 Nxd7 14. dxc5 Nxc5 15. b4 Nd7 16. a3 Nb6 17. Qxd8 Rfxd8 18. Rfd1 Rdc8 19. Rac1 Bf6 20. Rd2 Rd8 21. Rdc2 h6 22. f3 Rd7 23. Kf2 Rad8 24. Ke1 Bh4+ 25. g3 Bg5 26. f4 Bf6 27. Rd1 Rxd1+ 28. Nxd1 Bxb2 29. Nxb2 Be4 30. Rc3 Nd5 31. Rc6 Nxb4 32. Rc7 Nd5 33. Ra7 Nxe3 34. Rxa6 Nc2+ 35. Kf2 Rd2 36.
Ra7 Nd4 37. Ke3 Rxb2 38. Kxd4 Rxe2 39. Rb7 Bxb7 0-1

[Event "Late-Titled-Tuesday-Blitz-April-02-2024"]
[Site "Chess.com"]
[Date "2024.04.02"]
[Round "7"]
[White "stasOR4ik"]
[Black "Ar4uha"]
[Result "1-0"]
[WhiteElo "2438"]
[BlackElo "2576"]
[TimeControl "180+1"]
[EndTime "15:14:42 PDT"]
[Termination "stasOR4ik won on time"]

1. e4 c5 2. c3 d5 3. exd5 Qxd5 4.
Nf3 Nf6 5. d4 Bg4 6. Be2 e6 7. Be3 cxd4 8. Nxd4 Bxe2 9. Qxe2 Qxg2 10. Rf1 Nbd7 11. Nd2 Qd5 12. O-O-O Qxa2 13. Qb5 O-O-O 14.
Nc6 Bd6 15. Nc4 Bc7 16. Nxa7+ Kb8 17. Nc6+ Ka8 18. Kc2 Ba5 19. Ra1 1-0

[Event "Late-Titled-Tuesday-Blitz-April-02-2024"]
[Site "Chess.com"]
[Date "2024.04.02"]
[Round "7"]
[White "SmirnovTimofey2000"]
[Black "ChempionBg"]
[Result "1-0"]
[WhiteElo "1949"]
[BlackElo "2233"]
[TimeControl "180+1"]
[EndTime "15:14:48 PDT"]
[Termination "SmirnovTimofey2000 won on time"]

1. e4 c5 2. c3 d5 3. exd5 Qxd5 4. d4 cxd4 5. cxd4 Nc6 6. Nf3 e5 7. Nc3 Bb4 8. Bd2 Bxc3 9. Bxc3 e4 10. Ne5 Nxe5 11. dxe5 Ne7 12. Qxd5 Nxd5 13. Bb5+ Bd7 14. Bxd7+ Kxd7 15. O-O-O Ke6 16. Rhe1 Nxc3 17. bxc3 Kxe5 18. f3 f5 19. Rd4 Rac8 20. Kb2 Rhd8 21. Rb4 Rd2+ 22.
Kb3 Rxg2 23. fxe4 f4 24. Rxb7 Rf8 25. Rb5+ Ke6 26. Ra5 Rf7 27. Ra6+ Ke5 28. Ra5+ Kf6 29. Rf5+ 1-0

[Event "Late-Titled-Tuesday-Blitz-April-02-2024"]
[Site "Chess.com"]
[Date "2024.04.02"]
[Round "7"]
[White "Sargsyan_Shant"]
[Black "AryanTari"]
[Result "1-0"]
[WhiteElo "2971"]
[BlackElo "2969"]
[TimeControl "180+1"]
[EndTime "15:14:50 PDT"]
[Termination "Sargsyan_Shant won by resignation"]

1. c4 e5 2. g3 c6 3. d4 e4 4. a3 d5 5. Nc3 Be7 6. Nh3 Nf6 7. Bg5 Nbd7 8. e3 h6 9. Bxf6 Nxf6 10.
Nf4 g5 11. Nh5 Nxh5 12. Qxh5 Be6 13. Bh3 Qd7 14. Bxe6 Qxe6 15. cxd5 cxd5 16. Rc1 Rc8 17. Kd2 Qf5 18. Rhf1 O-O 19. f3 exf3 20. Qxf3 Qxf3 21. Rxf3 f5 22. Nxd5 Rxc1 23. Nxe7+ Kf7 24. Rxf5+ Kxe7 25. Rxf8 Rb1 26. Rb8 Rxb2+ 27. Kd3 Kd7 28. Kc3 Re2 29.
Rxb7+ Kc6 30. Rxa7 Rxe3+ 31. Kc4 h5 32. Ra6+ Kb7 33.
Rg6 h4 34. Rxg5 1-0

[Event "Late-Titled-Tuesday-Blitz-April-02-2024"]
[Site "Chess.com"]
[Date "2024.04.02"]
[Round "7"]
[White "rhwr"]
[Black "SultaiC"]
[Result "0-1"]
[WhiteElo "2295"]
[BlackElo "2519"]
[TimeControl "180+1"]
[EndTime "15:14:51 PDT"]
[Termination "SultaiC won by resignation"]

1. e4 c5 2. Nf3 d6 3. d4 cxd4 4.
Nxd4 Nf6 5. Nc3 a6 6. Be2 e5 7.
Nb3 Be6 8. O-O Be7 9. Be3 O-O 10. Qd2 Nc6 11. Rad1 Rc8 12. f4 Bg4 13. h3 Bxe2 14.
Qxe2 Qc7 15. f5 h6 16. g4 b5 17. Rf2 b4 18. Nd5 Nxd5 19. Rxd5 a5 20. Rg2 a4 21. Nc1 Nd4 22. Bxd4 exd4 23. Nd3 Qc4 24. b3 axb3 25.
axb3 Qc3 26. Qd2 Qa1+ 27. Kh2 Bg5 28. Qxb4 Rc3 29. Qxd4 Ra8 30. e5 dxe5 31. Nxe5 Qe1 32. Qf2 Qe4 0-1